 Dungeon Crawl Stone Soup version 0.30-a0-696-g2367cd04db (webtiles) character file.

Game seed: 11472018318691708375

10540 PyroL the Fighter (level 11, -18/87 (91) HPs)
             Began as a Djinni Conjurer on Jan 21, 2023.
             Was a Priest of Ashenzari.
             Killed by an exploding fulminant prism (35 damage)
             ... on level 10 of the Dungeon.
             The game lasted 00:27:41 (12617 turns).

PyroL the Fighter (Djinni Conjurer)                Turns: 12617, Time: 00:27:41

HP:   -18/87 (91)   AC:  7    Str:  6    XL:     11   Next: 94%
Gold: 1565          EV: 12    Int: 23    God:    Ashenzari [***...] SH:  0 Dex: 13

rFire   + + .      SeeInvis +    M - +8 trident of the Octopus King {venom, rElec rPois, Evo, Self} (curse)
rCold   x . .      Faith    .    (no shield)
rNeg    . . .      Spirit   .    a - +1 robe "Soothsayer of Ashenzari" {Melee, Range} (curse)
rPois   ∞          Reflect  .    (no helmet)
rElec   +          Harm     .    n - +2 cloak of the Restrained Sphere {rPois, Melee, Evo} (curse)
rCorr   .          Rampage  .    r - +0 pair of gloves of Ashenzari's Repose {Range, Evo} (curse)
Will    +....      Clarity  +    (boots unavailable)
Stlth   ++                       y - amulet of the Shattered Sun {Acrobat, Range, Melee} (curse)
HPRegen 0.34/turn                (no ring)
MPRegen 0.00/turn                (no ring)

@: flying, lightly drained
A: sickness immunity, fire resistance 2, cold vulnerability 1, float, innate
caster, HP casting, extra vitality 1
a: Renounce Religion, Shatter the Chains


You were on level 10 of the Dungeon.
You worshipped Ashenzari.
Ashenzari was most pleased with you.
You visited 2 branches of the dungeon, and saw 11 of its levels.

You collected 1565 gold pieces.

Inventory:

Hand Weapons
 m - a +3 antimagic spear
 M - the cursed +8 trident of the Octopus King (weapon) {venom, rElec rPois, Evo, Self}
   (You took it off a kobold on level 9 of the Dungeon)

   rElec:     It insulates you from electricity.
   rPois:     It protects you from poison.
   It has a curse which improves the following skills: Evocations: Evocations.
   Introspection: Fighting and Spellcasting.
Missiles
 B - 10 curare-tipped darts
 E - 4 atropa-tipped darts
 H - 33 poisoned darts
 L - 3 throwing nets
Armour
 a - the cursed +1 robe "Soothsayer of Ashenzari" (worn) {Melee, Range}

   It has a curse which improves the following skills: Melee Combat: Short
   Blades, Long Blades, Axes, Maces & Flails, Polearms, Staves and Unarmed
   Combat.
   Ranged Combat: Ranged Weapons and Throwing.
 n - the cursed +2 cloak of the Restrained Sphere (worn) {rPois, Melee, Evo}
   (You took it off Crazy Yiuf on level 2 of the Dungeon)

   It has a curse which improves the following skills: Melee Combat: Short
   Blades, Long Blades, Axes, Maces & Flails, Polearms, Staves and Unarmed
   Combat.
   Evocations: Evocations.
 r - the cursed +0 pair of gloves of Ashenzari's Repose (worn) {Range, Evo}
   (You found it on level 3 of the Dungeon)

   It has a curse which improves the following skills: Ranged Combat: Ranged
   Weapons and Throwing.
   Evocations: Evocations.
 C - a +0 robe of cold resistance
 J - a +2 cloak of preservation
Jewellery
 d - an amulet of reflection
 y - the cursed amulet of the Shattered Sun (around neck) {Acrobat, Range, Melee}
   (You found it on level 4 of the Dungeon)

   [amulet of the acrobat]

   It increases your evasion while moving and waiting.
   It has a curse which improves the following skills: Ranged Combat: Ranged
   Weapons and Throwing.
   Melee Combat: Short Blades, Long Blades, Axes, Maces & Flails, Polearms,
   Staves and Unarmed Combat.
Wands
 o - a wand of flame (50)
 z - a wand of polymorph (8)
 A - a wand of iceblast (21)
 I - a wand of charming (6)
Scrolls
 f - 4 scrolls of teleportation
 q - 2 scrolls of magic mapping
 u - 2 scrolls of summoning
 v - a scroll of vulnerability
 w - a scroll of brand weapon
 x - a scroll of fog
 D - 3 scrolls of poison
 F - a scroll of enchant armour
 G - a scroll of blinking
Potions
 b - 3 potions of magic
 c - 4 potions of lignification
 e - a potion of berserk rage
 g - 7 potions of curing
 h - 2 potions of flight
 i - 2 potions of heal wounds
 j - a potion of cancellation
 k - a potion of degeneration
 l - 2 potions of haste
 p - 2 potions of might
 s - a potion of attraction
 K - 2 potions of invisibility


   Skills:
 + Level 11.3(12.9) Fighting
 - Level 1.0(3.6) Axes
 - Level 0.9(2.9) Maces & Flails
 - Level 3.3(6.2) Polearms
 - Level 1.0(3.8) Staves
 - Level 3.9 Armour
 - Level 2.1 Dodging
 - Level 1.5 Stealth
 - Level 4.0(6.9) Unarmed Combat
 + Level 9.7(11.3) Spellcasting


You had 3 spell levels left.
You knew the following spells:

 Your Spells              Type           Power      Damage    Failure   Level
a - Magic Dart            Conj           100%       1d8       1%          1
b - Searing Ray           Conj           100%       2d8       1%          2
c - Dazzling Flash        Conj/Hex       100%       N/A       1%          3
d - Fulminant Prism       Conj/Hex       30%        3d16      1%          4
e - Iskenderun's Mystic   Conj/Tloc      60%        2d13      1%          4
f - Sandblast             Erth           100%       2d20      1%          1
g - Poisonous Vapours     Pois/Air       100%       N/A       1%          2
h - Swiftness             Air            60%        N/A       1%          3
i - Summon Lightning Spi  Summ/Air       60%        N/A       1%          4
j - Blade Hands           Tmut           30%        N/A       1%          5
Your spell library was empty.

Dungeon Overview and Level Annotations

Branches:
Dungeon (10/15)            Temple (1/1) D:5
   Lair: D:8-11         Orc: D:9-12

Altars:
Ashenzari
Cheibriados
Dithmenos
Elyvilon
Fedhas
Gozag
Hepliaklqana
Makhleb
Nemelex Xobeh
Okawaru
Qazlal
Ru
Trog
Uskayaw
Wu Jian
Xom
Yredelemnul
Zin
The Shining One

Annotations:
D:9 3 runed translucent doors
D:10 Josephine


Innate Abilities, Weirdness & Mutations

You are immune to sickness and miasma.
You are immune to poison.
Your flesh is very heat resistant. (rF++)
You are vulnerable to cold. (rC-)
You float through the air rather than walking.
You learn spells naturally, not from books.
Your magical power is your life essence.
You have superior vitality. (+4 MHP)


Message History

Confirm with . or Enter, or press ? or * to list all spells.
Aiming: Fulminant Prism (mildly dangerous; 1% risk of failure)
Press: ? - help, Dir - move target You conjure a prism of explosive energy!
* * * LOW HITPOINT WARNING * * *
A fulminant prism comes into view.
The wyvern bites your lightning spire.
The gnoll hits your lightning spire but does no damage.
A basilisk comes into view.
The howler monkey hits your fulminant prism.
The wyvern bites your lightning spire!
The howler monkey hits your fulminant prism.
The gnoll hits your lightning spire but does no damage.
The wyvern bites your lightning spire but does no damage.
Your fulminant prism crackles loudly.
Casting: Fulminant Prism (mildly dangerous; 1% risk of failure)
Confirm with . or Enter, or press ? or * to list all spells.
Aiming: Searing Ray (safe; 1% risk of failure)
Press: ? - help, Shift-Dir - straight line, f - wyvern
Aim: a wyvern (ally target, 83% to hit)
The searing ray misses the wyvern. (Press . to maintain the ray.)
* * * LOW HITPOINT WARNING * * *
The howler monkey hits your fulminant prism.
The wyvern completely misses your lightning spire.
The gnoll barely misses your lightning spire.
Your lightning spire shoots out a bolt of lightning at the wyvern!
The bolt of electricity hits the wyvern!
Your fulminant prism explodes!
The blast of energy engulfs the gnoll!!!
You kill the gnoll!
The blast of energy engulfs the howler monkey!!!
You kill the howler monkey!
The blast of energy engulfs your lightning spire!!
You destroy your lightning spire!
Your lightning spire disappears in a puff of smoke!
The blast of energy engulfs the wyvern!!
You kill the wyvern!
The blast of energy engulfs you!!
You die...

..###...###..#
, * ,*
#..♣.♣.♣..#
*,, ,, *
♣.$.....♣ ,
#..l....#* *,
,, #♣..♣..♣# *
* ,*#..†).# *
, , , #♣.)†♣#
*,* * *#.§.# ,
,, , #♣@♣# ,
*,*#.# , *
,#.# , ### * ,
, , , ,, * , ,
,, , , , ,


You could see a basilisk.

Vanquished Creatures
  Harold (D:9)
  Erica (D:9)
  Pikel (D:9)
  17 yaks
  2 wyverns
  Grum (D:10)
  A steam dragon (D:8)
  2 wraiths
  An acid dragon (D:8)
  A water moccasin (D:7)
  A sky beast (D:6)
  An orc warrior (D:7)
  2 ice beasts
  2 lemures (D:9)
  4 wolves (D:10)
  7 centaurs
  8 kobold brigands
  6 bullfrogs
  Blork the orc (D:5)
  A gnoll sergeant (D:10)
  A necrophage (D:6)
  3 scorpions
  7 wights
  2 jellies
  2 howler monkeys (D:10)
  5 hounds
  Crazy Yiuf (D:2)
  A gnoll bouda (D:5)
  4 orc priests
  Ijyb (D:4)
  5 iguanas
  9 orc wizards
  Natasha (thrice) (D:2)
  10 gnolls
  7 adders
  2 ufetubi (D:5)
  2 dart slugs
  30 orcs
  An endoplasm (D:3)
  6 giant cockroaches
  6 goblins
  6 hobgoblins
  5 jackals
  4 quokkas
  9 ball pythons
  10 bats
  3 frilled lizards
  36 kobolds
  5 rats
247 creatures vanquished.

Vanquished Creatures (collateral kills)
  Maurice (D:9)
  7 yaks (D:9)
  An acid dragon (D:9)
  A wight (D:7)
  2 kobolds (D:9)
12 creatures vanquished.

Vanquished Creatures (others)
  A human (D:5)
  22 fulminant prisms
  3 plants (D:10)
26 creatures vanquished.

Grand Total: 285 creatures vanquished

Notes
Turn   | Place    | Note
-------+----------+-------------------------------------------
     0 | D:1      | PyroL the Djinni Conjurer began the quest for the Orb.
     0 | D:1      | PyroL set off with the following spells memorised: Magic
                  | Dart, Searing Ray, Dazzling Flash, Fulminant Prism,
                  | Iskenderun's Mystic Blast.
     0 | D:1      | Reached XP level 1. HP: 15/15 MP: 0/0
   168 | D:1      | Reached XP level 2. HP: 14/22 MP: 0/0
   208 | D:1      | Reached skill level 1 in Fighting
   764 | D:2      | Noticed Natasha
   771 | D:2      | Killed Natasha
   772 | D:2      | Reached skill level 2 in Fighting
   772 | D:2      | Reached XP level 3. HP: 15/28 MP: 0/0
   772 | D:2      | Learned a level 1 spell: Sandblast
   844 | D:2      | Noticed Natasha
   849 | D:2      | Killed Natasha
   850 | D:2      | Reached XP level 4. HP: 22/34 MP: 0/0
   899 | D:2      | Noticed Natasha
   904 | D:2      | Killed Natasha
  1262 | D:2      | Reached XP level 5. HP: 39/40 MP: 0/0
  1262 | D:2      | Learned a level 2 spell: Poisonous Vapours
  1506 | D:2      | Found a faded altar of an unknown god.
  1544 | D:2      | Found a runed translucent door.
  1545 | D:2      | Noticed Crazy Yiuf
  1876 | D:2      | Killed Crazy Yiuf
  1877 | D:2      | Reached skill level 3 in Fighting
  2019 | D:3      | Found a shimmering altar of Xom.
  2114 | D:3      | Found a hide-covered altar of Uskayaw.
  2568 | D:4      | Found a shadowy altar of Dithmenos.
  2589 | D:4      | Reached XP level 6. HP: 26/46 MP: 0/0
  2912 | D:4      | Reached skill level 4 in Fighting
  3111 | D:4      | Reached XP level 7. HP: 48/53 MP: 0/0
  3111 | D:4      | Learned a level 3 spell: Swiftness
  3419 | D:4      | Noticed Ijyb
  3437 | D:4      | Killed Ijyb
  3559 | D:5      | Entered Level 5 of the Dungeon
  3587 | D:5      | Reached skill level 5 in Spellcasting
  3632 | D:5      | Reached skill level 5 in Fighting
  3703 | D:5      | Found a staircase to the Ecumenical Temple.
  3751 | Temple   | Entered the Ecumenical Temple
  3855 | Temple   | Became a worshipper of Ashenzari the Shackled
  3942 | D:5      | Noticed a human
  3945 | D:5      | Killed a human
  4332 | D:5      | Reached XP level 8. HP: 55/61 MP: 0/0
  4492 | D:5      | Reached skill level 6 in Fighting
  4609 | D:5      | Identified the +1 ring mail of the Secret Towns {+Blink
                  | Dex+3 Slay+2}
  4693 | D:5      | Noticed Blork the orc
  4699 | D:5      | Killed Blork the orc
  5297 | D:6      | Found a snail-covered altar of Cheibriados.
  5304 | D:6      | Found a bloodstained altar of Trog.
  5512 | D:6      | Identified the +3 rapier of Perfectionism {chaos, rF++ rC-
                  | Int+2 Stlth+}
  5789 | D:6      | Found a large runed translucent door.
  5789 | D:6      | Found a large runed translucent door.
  5791 | D:6      | Found a shimmering altar of Xom.
  5853 | D:6      | Reached skill level 7 in Fighting
  6146 | D:6      | Reached XP level 9. HP: 52/68 MP: 0/0
  6146 | D:6      | Learned a level 4 spell: Summon Lightning Spire
  6613 | D:6      | Reached skill level 1 in Armour
  6613 | D:6      | Reached skill level 1 in Unarmed Combat
  6653 | D:6      | Reached * piety under Ashenzari
  6738 | D:6      | Reached skill level 1 in Polearms
  7923 | D:7      | Found a stormy altar of Qazlal.
  8021 | D:7      | Found a sparkling altar of Nemelex Xobeh.
  8050 | D:8      | Reached XP level 10. HP: 71/75 MP: 0/0
  8091 | D:8      | Reached ** piety under Ashenzari
  9051 | D:8      | Reached skill level 8 in Fighting
  9838 | D:8      | Found a basalt altar of Yredelemnul.
 10021 | D:8      | Reached skill level 9 in Fighting
 10363 | D:8      | Identified a scroll of acquirement
 10393 | D:8      | Acquired 880 gold pieces
 10500 | D:9      | Found a runed translucent gate.
 10501 | D:9      | Found a runed translucent gate.
 10502 | D:9      | Found a runed translucent gate.
 10504 | D:9      | Noticed a cyan ugly thing
 10504 | D:9      | Noticed a purple ugly thing
 10507 | D:9      | Noticed a purple ugly thing
 10508 | D:9      | Noticed a white ugly thing
 10511 | D:9      | Reached *** piety under Ashenzari
 10514 | D:9      | Noticed a red ugly thing
 10807 | D:9      | Noticed Harold
 10824 | D:9      | Killed Harold
 10825 | D:9      | Reached skill level 1 in Axes
 10825 | D:9      | Reached skill level 1 in Staves
 10825 | D:9      | Reached XP level 11. HP: 66/84 MP: 0/0
 10825 | D:9      | Learned a level 5 spell: Blade Hands
 10909 | D:9      | Noticed Erica
 10916 | D:9      | Killed Erica
 10968 | D:9      | Reached skill level 10 in Fighting
 11116 | D:9      | Noticed Pikel
 11129 | D:9      | Killed Pikel
 11314 | D:9      | Found an opulent altar of Gozag.
 11494 | D:9      | Noticed Maurice
 11506 | D:9      | Killed Maurice
 11638 | D:9      | Reached skill level 11 in Fighting
 12319 | D:10     | Entered Level 10 of the Dungeon
 12325 | D:10     | Noticed Grum
 12338 | D:10     | Killed Grum
 12532 | D:10     | Found a glowing silver altar of Zin.
 12558 | D:10     | Noticed Josephine
 12617 | D:10     | Killed by an exploding fulminant prism

Illustrated notes

Levels and vault maps discovered:
D:1:      minmay_arrival_jagged, layout_basic
D:2:      kennysheep_six_static_rooms, layout_loops_ring,
          chequers_ecumenical_altar_simple_redux, chequers_hall_statues_wall_a,
          uniq_crazy_yiuf_cottage, uniq_natasha
D:3:      layout_rooms, mainiacjoe_overflow_small_starburst,
          nicolae_uskayaw_suspiria, minmay_vboxes
D:4:      layout_gridville, nicolae_dithmenos_the_darkroom,
          mrwooster_statue_mirror, uniq_ijyb
D:5:      layout_basic, tgw_kikubaaqudgha, minmay_temple_entry_junction_2,
          uniq_blork_the_orc
D:6:      due_chaos_kobolds, layout_loops_ring, mainiacjoe_overflow_boulevard,
          bloody_trog
D:7:      layout_rooms, kennysheep_mini_moat, amethyst_overflow_temple_binary
D:8:      layout_basic, overflow_temple_1_default, minmay_bent
D:9:      layout_irregular_city, nicolae_gozag_cash_rules_everything_around_me,
          ploomutoo_gammafunk_ghost_potion_laboratory, uniq_erica, uniq_harold,
          uniq_pikel, uniq_maurice
D:10:     minmay_the_grid_four_pointed_star_mashed
          [minmay_the_grid_triangle_9x9_shrine,
          minmay_the_grid_triangle_9x9_subtriangle,
          minmay_the_grid_triangle_9x9_empty,
          minmay_the_grid_triangle_9x9_from_above,
          minmay_the_grid_prize_diamond_cup], layout_rooms, zin_statuary,
          minmay_misc_feat_more_columns, minmay_misc_feat_encased, uniq_lodul,
          uniq_sonja, uniq_grum, uniq_josephine
Temple:   zaba_magenta_temple

Skill      XL: |  1  2  3  4  5  6  7  8  9 10 11 |
---------------+----------------------------------+-----
Fighting       | 2 3 4 5 7 9 11 | 11.3
Spellcasting   | 4 5 6 7 8 9 |  9.7
Armour         | 3 |  3.9
Unarmed Combat | 3 4 |  4.0
Polearms       | 3 |  3.3
Axes           | 1 |  1.0
Staves         | 1 |  1.0
Maces & Flails | |  0.9
Dodging        | |  2.1
Stealth        | |  1.5

Action                   |  1- 3 |  4- 6 |  7- 9 | 10-12 || total
-------------------------+-------+-------+-------+-------++-------
Melee: Unarmed           |       |     2 |       |       ||     2
       Short sword       |       |     1 |       |       ||     1
       Dagger            |       |     7 |    24 |       ||    31
       Spear             |       |       |    29 |    54 ||    83
       Punch             |       |       |     1 |       ||     1
       Trident           |       |       |       |    25 ||    25
 Cast: Magic Dart        |    45 |   134 |   167 |    93 ||   439
       Fulminant Prism   |       |     2 |    11 |     9 ||    22
       Iskenderun's Myst |       |     1 |     7 |    21 ||    29
       Searing Ray       |       |       |    20 |    41 ||    61
       Poisonous Vapours |       |       |     1 |    10 ||    11
       Dazzling Flash    |       |       |     1 |     1 ||     2
       Summon Lightning  |       |       |     1 |    10 ||    11
       Swiftness         |       |       |       |     1 ||     1
       Sandblast         |       |       |       |     1 ||     1
Invok: Curse Item        |       |       |     2 |     3 ||     5
  Use: Scroll            |       |     3 |     7 |     2 ||    12
 Stab: Invisible         |       |       |     1 |       ||     1
Armor: Robe              |     7 |     8 |    34 |    23 ||    72
Dodge: Dodged            |     3 |    16 |    84 |   106 ||   209
Block: Other             |     4 |     8 |       |       ||    12

Table legend: (Time is in decaauts)
 A = Elapsed time spent in this place.
 B = Non-inter-level travel time spent in this place.
 C = Inter-level travel time spent in this place.
 D = Time resting spent in this place.
 E = Time spent auto-exploring this place.
 F = Levels seen in this place.
 G = Mean time per level.
                   A        B        C        D        E       F      G
               +--------+--------+--------+--------+--------+-----+--------+
         Total |  12628 |  12369 |    259 |   3277 |   7366 |  11 | 1148.0 |
       Dungeon |  12496 |  12256 |    240 |   3277 |   7263 |  10 | 1249.6 |
        Temple |    131 |    112 |     19 |      0 |    103 |   1 |  131.0 |
               +--------+--------+--------+--------+--------+-----+--------+

Top non-repeatable levels by time:
     D:7: 1877 daAuts
     D:9: 1835 daAuts
     D:6: 1799 daAuts
     D:5: 1780 daAuts
     D:2: 1355 daAuts
     D:8: 1334 daAuts
     D:4: 1017 daAuts
     D:1: 653 daAuts
     D:3: 538 daAuts
    D:10: 306 daAuts
  Temple: 131 daAuts
